 Dungeon Crawl Stone Soup version 0.21.1-1-g345015f (webtiles) character file.

107 lotte the Magician (level 4, -8/24 HPs)
             Began as a Deep Elf Wizard on July 1, 2018.
             Mangled by Natasha (9 damage)
             ... on level 2 of the Dungeon.
             The game lasted 00:05:40 (1568 turns).

lotte the Magician (Deep Elf Wizard)                Turns: 1568, Time: 00:05:40

Health: -8/24      AC:  2    Str:  4    XL:     4   Next: 57%
Magic:  12/14      EV: 13    Int: 24    God:
Gold:   80         SH:  0    Dex: 13    Spells: 12/15 levels left

rFire    . . .     SeeInvis .   f - +0 short sword (curse)
rCold    + . .     Gourm    .   (no shield)
rNeg     . . .     Faith    .   l - +0 robe {rC+}
rPois    .         Spirit   .   b - +0 hat
rElec    .         Reflect  .   (no cloak)
rCorr    .         Harm     .   (no gloves)
MR       .....                  (no boots)
Stlth    ++........             (no amulet)
HPRegen  0.08/turn              (no ring)
MPRegen  0.14/turn              (no ring)

@: no status effects
A: no striking features
a: no special abilities


You were on level 2 of the Dungeon.
You were not hungry.

You visited 1 branch of the dungeon, and saw 2 of its levels.

You collected 80 gold pieces.

Inventory:

Hand Weapons
 f - a cursed +0 short sword (weapon)
 k - a +1 scythe of venom
Armour
 a - a +0 robe
 b - a +0 hat (worn)
 l - a +0 robe of cold resistance (worn)
Scrolls
 h - 3 scrolls of teleportation {unknown}
 j - 3 scrolls of magic mapping {unknown}
 n - a scroll of amnesia {unknown}
Potions
 e - a potion of brilliance {unknown}
 g - a potion of berserk rage {unknown}
 i - 2 potions of lignification {unknown}
Books
 c - a book of Minor Magic

   Spells                             Type                      Level
   a - Magic Dart                     Conjuration                  1
   b - Blink                          Translocation                2
   c - Call Imp                       Summoning                    2
   d - Slow                           Hexes                        2
   e - Conjure Flame                  Conjuration/Fire             3
   f - Mephitic Cloud                 Conjuration/Poison/Air       3
Comestibles
 d - 4 rations


   Skills:
 - Level 2.5 Dodging
 - Level 2.6 Stealth
 + Level 6.2 Spellcasting
 * Level 2.8 Conjurations
 + Level 1.7 Summonings
   Level 1.1 Translocations


You had 12 spell levels left.
You knew the following spells:

 Your Spells              Type           Power        Failure   Level  Hunger
a - Magic Dart            Conj           ###.         2%          1    None
b - Call Imp              Summ           ###.....     5%          2    None


Dungeon Overview and Level Annotations

Branches:
Dungeon (2/15)

Altars:

Annotations:
D:2 Natasha


Message History

Natasha claws you. The shadow imp misses your crimson imp.
The crimson imp hits you.
You hit the crimson imp.
The crimson imp is lightly wounded.
Your crimson imp hits the shadow imp but does no damage.
Natasha claws you.
* * * LOW HITPOINT WARNING * * *
The shadow imp closely misses your crimson imp.
The crimson imp hits you but does no damage.
You hit the crimson imp.
The crimson imp is lightly wounded.
Your crimson imp misses the shadow imp.
Natasha claws you.
* * * LOW HITPOINT WARNING * * *
The shadow imp closely misses your crimson imp.
The crimson imp barely misses you.
Your crimson imp barely misses the shadow imp.
You miss the crimson imp.
The crimson imp is lightly wounded.
Natasha claws you!
You die...

#########
#...5..5. .
#5####### .# #####
#5# .. ...# #h# ..
..# #@# .# #.# #5#
.# ##>## #.#
.#####.#.#######>#
......###........#
.###.#.#.#########
.# #.##.# .#
#.##.# ## #.## #


You could see Natasha, a crimson imp, a shadow imp and a friendly crimson imp.

Vanquished Creatures
  A dart slug (D:1)
  3 goblins (D:1)
  6 hobgoblins
  2 jackals (D:1)
  5 kobolds (D:1)
  2 bats (D:1)
  2 frilled lizards (D:1)
  4 rats
25 creatures vanquished.

Vanquished Creatures (collateral kills)
  Sigmund (D:2)
  A dart slug (D:1)
  A giant cockroach (D:2)
  A goblin (D:2)
  A hobgoblin (D:2)
  A quokka (D:2)
  A frilled lizard (D:2)
7 creatures vanquished.

Grand Total: 32 creatures vanquished

Notes
Turn   | Place    | Note
-------+----------+-------------------------------------------
     0 | D:1      | lotte the Deep Elf Wizard began the quest for the Orb.
     0 | D:1      | Reached XP level 1. HP: 10/10 MP: 7/7
   291 | D:1      | Reached skill level 5 in Spellcasting
   291 | D:1      | Reached XP level 2. HP: 10/15 MP: 5/10
   393 | D:1      | Learned a level 2 spell: Call Imp
  1172 | D:2      | Reached XP level 3. HP: 19/19 MP: 4/11
  1246 | D:2      | Noticed Sigmund
  1275 | D:2      | Killed Sigmund
  1275 | D:2      | Reached skill level 6 in Spellcasting
  1275 | D:2      | Reached XP level 4. HP: 16/24 MP: 3/14
  1537 | D:2      | Noticed Natasha
  1567 | D:2      | HP: 1/24 [Natasha (5)]
  1568 | D:2      | Mangled by Natasha

Skill      XL: |  1  2  3 |
---------------+----------+-----
Spellcasting   | 5 6 |  6.2
Conjurations   | 2 |  2.8
Dodging        | |  2.5
Stealth        | |  2.6
Summonings     | |  1.7
Translocations | |  1.1

Action                   |  1- 3 |  4- 6 || total
-------------------------+-------+-------++-------
Melee: Short sword       |       |    11 ||    11
 Cast: Magic Dart        |    48 |     4 ||    52
       Call Imp          |     9 |     3 ||    12
  Eat: Chunk             |     1 |     1 ||     2
Armor: Robe              |     3 |     2 ||     5
Dodge: Dodged            |     8 |    11 ||    19
